 Dungeon Crawl Stone Soup version 0.32-a0-818-gb728d0252e (webtiles) character file.

Game seed: 10439860726491622500

32 hikkokomori the Apothecary (level 3, -2/26 HPs)
             Began as a Coglin Alchemist on Mar 23, 2024.
             Slain by a gnoll
             ... wielding a +0 whip
              (8 damage)
             ... on level 2 of the Dungeon.
             The game lasted 00:01:53 (921 turns).

hikkokomori the Apothecary (Coglin Alchemist)        Turns: 921, Time: 00:01:54

Health: -2/26      AC:  2    Str:  8    XL:     3   Next: 27%
Magic:  6/6        EV: 11    Int: 16    God:
Gold:   84         SH:  0    Dex: 14    Spells: 5/6 levels left

rFire   . . .        c - +2 short sword (vamp) {Djefatnebti}
rCold   . . .        e - +0 dagger {Fikile}
rNeg    . . .        a - +0 robe
rPois   .            (no helmet)
rElec   .            (no cloak)
rCorr   .            (no gloves)
SInv    .            (no boots)
Will    .....        (amulet unavailable)
Stlth   ++           (ring unavailable)
HPRegen 0.24/turn    (ring unavailable)
MPRegen 0.10/turn    (no gizmo)

%: no passive effects
@: revved
A: off-hand wielding, slow wielding, warmup strikes, no jewellery
a: Invent Gizmo


You were on level 2 of the Dungeon.
You visited 1 branch of the dungeon, and saw 2 of its levels.

You collected 84 gold pieces.

Inventory:

Hand Weapons
 c - a +2 vampiric short sword (weapon) {Djefatnebti}
 e - a +0 dagger (offhand) {Fikile}
Armour
 a - a +0 robe (worn)
Scrolls
 h - a scroll of poison {unknown}
Potions
 b - a potion of magic
 d - a potion of cancellation {unknown}
 f - a potion of degeneration {unknown}
 g - a potion of haste {unknown}


   Skills:
 + Level 1.1 Fighting
 - Level 1.7 Dodging
 - Level 1.5 Stealth
 + Level 2.2 Spellcasting
 + Level 1.4 Conjurations
 + Level 3.6 Alchemy


You had 5 spell levels left.
You knew the following spells:

 Your Spells              Type           Power      Damage    Failure   Level
a - Sting                 Conj/Alch      36%        1d5       7%          1

Your spell library contained the following spells:

 Spells                   Type           Power      Damage    Failure   Level
 Mercury Vapours          Alch/Air       14%        N/A       14%         2
 Mephitic Cloud           Conj/Alch/Air  7%         N/A       30%         3
 Olgreb's Toxic Radiance  Alch           13%        N/A       41%         4
 Sticky Flame             Fire/Alch      7%         2d4       67%         4


Dungeon Overview and Level Annotations

Branches:
Dungeon (2/15)

Altars:


Innate Abilities, Weirdness & Mutations

You can wield a second weapon in your off-hand.
It takes a long time for you to wield or remove held weapons.
Your first few attacks do less damage.
You cannot equip rings or amulets.


Message History

You hit the rat but do no damage.
You hit the rat with your +2 vampiric short sword.
You kill the rat!
The endoplasm freezes you.
You are frozen.
You barely miss the endoplasm with your +0 dagger.
You hit the endoplasm with your +2 vampiric short sword.
You feel better.
You kill the endoplasm!
You hit the gnoll but do no damage.
You hit the gnoll with your +2 vampiric short sword.
You feel better. The gnoll barely misses you.
The gnoll hits you with a +0 club.
You completely miss the gnoll with your +2 vampiric short sword.
The gnoll is moderately wounded.
You hit the gnoll with your +0 dagger. The gnoll hits you with a +0 club. x2
The gnoll barely misses you. The gnoll hits you with a +0 club.
You are too injured to fight recklessly!
You are too injured to fight recklessly!
You are too injured to fight recklessly!
There are monsters nearby!
The gnoll hits you with a +0 club. The gnoll barely misses you.
The gnoll attacks as it pursues you! The gnoll hits you with a +0 whip.
The gnoll attacks as it pursues you! The gnoll closely misses you.
The gnoll attacks as it pursues you! The gnoll hits you with a +0 whip.
* * * LOW HITPOINT WARNING * * *
You hit the gnoll with your +0 dagger.
The gnoll is moderately wounded.
You closely miss the gnoll with your +2 vampiric short sword.
The gnoll completely misses you.
You hit the gnoll but do no damage.
The gnoll is moderately wounded.
You barely miss the gnoll with your +2 vampiric short sword.
Found a scroll labelled QOLUKKE NUOQ.
The gnoll attacks as it pursues you! The gnoll misses you.
You hit the gnoll but do no damage.
The gnoll is moderately wounded.
You hit the gnoll with your +2 vampiric short sword.
You feel better. The gnoll hits you with a +0 whip!
You die...

.....
#..........###
.....###....##.##.#
..................#
#................#
#..............#.#
#..............# .
#......gKg.....#
#.......#g!....#
.....Kgg#@.....#
......†.#........
........#.....##.
........#.....#
........#.......
.................
#####....####....
#.... ..?.


You could see 2 gnolls and a kobold.

Vanquished Creatures
  A dart slug (D:1)
  A ribbon worm (D:2)
  3 endoplasms
  A giant cockroach (D:1)
  2 hobgoblins (D:1)
  2 jackals (D:1)
  A quokka (D:1)
  3 ball pythons (D:1)
  2 frilled lizards (D:1)
  3 goblins (D:1)
  3 kobolds (D:1)
  7 rats
29 creatures vanquished.

Notes
Turn   | Place    | Note
-------+----------+-------------------------------------------
     0 | D:1      | hikkokomori the Coglin Alchemist began the quest for the
                  | Orb.
     0 | D:1      | Reached XP level 1. HP: 13/13 MP: 3/3
    32 | D:1      | Reached skill level 1 in Conjurations
   117 | D:1      | Reached XP level 2. HP: 20/20 MP: 0/4
   477 | D:1      | Reached skill level 1 in Fighting
   503 | D:1      | Reached XP level 3. HP: 23/26 MP: 6/6
   921 | D:2      | Slain by a gnoll

Illustrated notes

Levels and vault maps discovered:
D:1:      erik_arrival_cave_to_civilisation [erik_arrival_cave_to_hall],
          layout_basic, serial_park_tiny_1, minmay_pentomino_w2
D:2:      layout_basic, ebering_ecumenical_altar_petrified,
          minmay_misc_feat_encased, serial_bayou_crossing, uniq_sigmund

Skill      XL: |  1  2 |
---------------+-------+-----
Conjurations   | 1 |  1.4
Spellcasting   | 2 |  2.2
Fighting       | 1 |  1.1
Dodging        | |  1.7
Stealth        | |  1.5
Alchemy        | |  3.6

Action                     || total
---------------------------++-------
  Melee: Short sword       ||    41
         Unarmed           ||     3
         Dagger            ||    37
   Cast: Sting             ||    14
   Stab: Sleeping          ||     6
 Armour: Robe              ||    38
  Dodge: Dodged            ||    32

Table legend: (Time is in decaauts)
 A = Elapsed time spent in this place.
 B = Non-inter-level travel time spent in this place.
 C = Inter-level travel time spent in this place.
 D = Time resting spent in this place.
 E = Time spent auto-exploring this place.
 F = Levels seen in this place.
 G = Mean time per level.
                   A        B        C        D        E       F      G
               +--------+--------+--------+--------+--------+-----+--------+
         Total |    920 |    920 |      0 |      0 |    730 |   2 |  460.0 |
       Dungeon |    920 |    920 |      0 |      0 |    730 |   2 |  460.0 |
               +--------+--------+--------+--------+--------+-----+--------+

Top non-repeatable levels by time:
     D:1: 881 daAuts
     D:2: 39 daAuts
